 Seeded DCSS version 0.30.1-9-gdf580d7c3d (webtiles) character file.

Game seed: 7229806256980976716 (custom seed)

162017 Psyclone the Eclecticist (level 17, -3/115 HPs)
             Began as an Octopode Venom Mage on Sept 30, 2023.
             Was an Initiate of Gozag.
             Constricted to death by a naga warrior (4 damage)
             ... on level 4 of the Snake Pit.
             The game lasted 02:07:05 (35523 turns).

Psyclone the Eclecticist (Octopode Venom Mage)     Turns: 35523, Time: 02:07:06

Health: -3/115     AC:  7    Str:  5    XL:     17   Next: 80%
Magic:  48/48      EV: 13    Int: 52    God:    Gozag
Gold:   2199       SH:  8    Dex: 12    Spells: 7/52 levels left

rFire   + + +        a - +3 Elemental Staff {rElec rF+ rC+ AC+3}
rCold   + + .        P - +3 buckler
rNeg    + + .        U - +3 crown of Dyrovepreva {rElec Int+2 SInv}
rPois   +            F - amulet "Ivvaetri" {RegenMP rCorr}
rElec   +            e - ring of the Mage {Wiz Archmagi}
rCorr   +            f - ring "Yjoxom" {Contam rPois rC++ MP+9 Int+8 Dex-4}
SInv    +            g - ring "Muinasch" {rF+ rN+ Str-2 Int+6 Dex+2 SInv}
Will    +....        v - +6 ring of intelligence
Stlth   +++          K - ring of positive energy
HPRegen 0.39/turn    V - +6 ring of intelligence
MPRegen 0.71/turn    k - ring of fire
                     (no ring)

%: wizardry (x1), archmagi
@: lethally poisoned (-3 -> -6), very slightly contaminated, constricted
A: almost no armour, amphibious, 8 rings, camouflage 1, gelatinous body 1,
(nimble swimmer 1), tentacles
a: Renounce Religion, Potion Petition, Call Merchant, Bribe Branch


You were on level 4 of the Snake Pit.
You worshipped Gozag.
Gozag was most pleased with you.
You visited 4 branches of the dungeon, and saw 26 of its levels.
You also visited: Ossuary and Bailey.

You collected 9084 gold pieces.
You spent 4935 gold pieces at shops.
You paid 1950 gold pieces to Gozag.

Inventory:

Hand Weapons
 a - the +3 Elemental Staff (weapon) {rElec rF+ rC+ AC+3}
   (You acquired it on level 1 of the Dungeon)

   It enhances your fire, ice, earth and air magic.
   AC:        It affects your AC (+3).
   rF:        It protects you from fire.
   rC:        It protects you from cold.
   rElec:     It insulates you from electricity.
Missiles
 l - 2 throwing nets {!f}
Armour
 H - a +0 kite shield of reflection
 P - a +3 buckler (worn)
 U - the +3 crown of Dyrovepreva (worn) {rElec Int+2 SInv}
   (You bought it in a shop on level 2 of the Orcish Mines)

   Int:       It affects your intelligence (+2).
   rElec:     It insulates you from electricity.
   SInv:      It lets you see invisible.
Jewellery
 e - the ring of the Mage (left tentacle) {Wiz Archmagi}
   (You acquired it on level 1 of the Dungeon)

   [ring of wizardry]

   It improves your spell success rate.
   Archmagi:  It increases the power of your magical spells.
 f - the ring "Yjoxom" (right tentacle) {Contam rPois rC++ MP+9 Int+8 Dex-4}
   (You acquired it on level 1 of the Dungeon)

   [ring of magical power]

   Int:       It affects your intelligence (+8).
   Dex:       It affects your dexterity (-4).
   rC:        It greatly protects you from cold.
   rPois:     It protects you from poison.
   MP:        It affects your magic capacity (+9).
   Contam:    It causes magical contamination when unequipped.
 g - the ring "Muinasch" (on tentacle) {rF+ rN+ Str-2 Int+6 Dex+2 SInv}
   (You bought it in a shop on level 1 of the Lair of Beasts)

   [ring of intelligence]

   Str:       It affects your strength (-2).
   Int:       It affects your intelligence (+6).
   Dex:       It affects your dexterity (+2).
   rF:        It protects you from fire.
   rN:        It protects you from negative energy.
   SInv:      It lets you see invisible.
 k - a ring of fire (on tentacle)
 v - a +6 ring of intelligence (on tentacle)
 F - the amulet "Ivvaetri" (around mantle) {RegenMP rCorr}
   (You bought it in a shop on level 1 of the Lair of Beasts)

   [amulet of magic regeneration]

   It increases your rate of magic regeneration.
   rCorr:     It protects you from acid and corrosion.
 K - a ring of positive energy (on tentacle)
 V - a +6 ring of intelligence (on tentacle)
Wands
 q - a wand of flame (15)
 s - a wand of acid (5)
 C - a wand of mindburst (9)
 L - a wand of iceblast (19)
 Q - a wand of charming (28)
 R - a wand of polymorph (7)
 S - a wand of digging (4)
Scrolls
 b - 10 scrolls of amnesia
 c - 5 scrolls of silence {!r}
 d - 15 scrolls of teleportation
 j - 7 scrolls of blinking
 o - a scroll of enchant armour
 r - 6 scrolls of poison
 u - 4 scrolls of brand weapon
 y - a scroll of butterflies
 B - 3 scrolls of fog
 E - 5 scrolls of magic mapping
 I - 6 scrolls of immolation
 J - 7 scrolls of enchant weapon
 N - 4 scrolls of fear
Potions
 h - 9 potions of might
 i - 6 potions of mutation
 m - 20 potions of curing
 n - 4 potions of invisibility
 p - 7 potions of brilliance
 t - 4 potions of lignification
 w - 3 potions of cancellation
 x - 14 potions of heal wounds
 z - 5 potions of flight
 A - 4 potions of berserk rage
 D - 3 potions of ambrosia
 G - 6 potions of haste
 M - 2 potions of resistance
 O - a potion of magic


   Skills:
 - Level 10.0 Fighting
 - Level 10.0 Dodging
 - Level 2.6 Stealth
 + Level 4.8 Shields
 - Level 18.0 Spellcasting
 + Level 7.5 Conjurations
 - Level 7.0 Necromancy
 - Level 10.0 Transmutations
 - Level 6.0 Ice Magic
 - Level 10.0 Air Magic
 - Level 6.0 Earth Magic
 - Level 10.0 Poison Magic


You had 7 spell levels left.
You knew the following spells:

 Your Spells              Type           Power      Damage    Failure   Level
a - Poisonous Vapours     Pois/Air       100%       N/A       0%          2
b - Dispel Undead         Necr           100%       3d31      1%          4
c - Statue Form           Tmut/Erth      92%        N/A       1%          6
d - Mephitic Cloud        Conj/Pois/Air  100%       N/A       1%          3
e - Irradiate             Conj/Tmut      59%        3d31      1%          5
f - Freezing Cloud        Conj/Ice/Air   81%        6-21      1%          5
g - Arcjolt               Conj/Air       71%        1d81      1%          5
q - Blink                 Tloc           100%       N/A       1%          2
r - Swiftness             Air            100%       N/A       1%          3
s - Ignite Poison         Fire/Tmut/Pois 100%       N/A       1%          3
u - Cigotuvi's Dreadful   Necr/Pois/Air  100%       N/A       0%          2
v - Sting                 Tmut/Pois      100%       1d8       0%          1
x - Olgreb's Toxic Radia  Pois           100%       N/A       1%          4

Your spell library contained the following spells:

 Spells                   Type           Power      Damage    Failure   Level
 Shock                    Conj/Air       100%       1d9       0%          1
 Wereblood                Tmut           100%       N/A       0%          2
 Kiss of Death            Conj/Necr      100%       2d13      1%          1
 Necrotise                Necr           100%       1d9       1%          1
 Summon Small Mammal      Summ           100%       N/A       1%          1
 Ensorcelled Hibernation  Hex/Ice        100%       N/A       1%          2
 Lesser Beckoning         Tloc           100%       N/A       1%          2
 Momentum Strike          Conj/Tloc      100%       3d10      1%          2
 Passwall                 Tmut/Erth      100%       N/A       1%          2
 Sublimation of Blood     Necr           100%       N/A       1%          2
 Call Canine Familiar     Summ           63%        N/A       1%          3
 Confusing Touch          Hex            63%        N/A       1%          3
 Dazzling Flash           Conj/Hex       100%       N/A       1%          3
 Gell's Gravitas          Tloc           63%        N/A       1%          3
 Inner Flame              Hex/Fire       100%       N/A       1%          3
 Summon Guardian Golem    Hex/Summ       63%        N/A       1%          3
 Teleport Other           Tloc           63%        N/A       1%          3
 Vampiric Draining        Necr           100%       2d13      1%          3
 Flame Wave               Conj/Fire      100%       2d21      1%          4
 Petrify                  Tmut/Erth      100%       N/A       1%          4
 Sticky Flame             Conj/Fire      100%       2d11      1%          4
 Agony                    Necr           100%       N/A       1%          5
 Alistair's Intoxication  Tmut/Pois      82%        N/A       1%          5
 Blade Hands              Tmut           61%        N/A       1%          5
 Borgnjor's Vile Clutch   Necr/Erth      65%        N/A       1%          5
 Metabolic Englaciation   Hex/Ice        54%        N/A       1%          5
 Silence                  Hex/Air        61%        N/A       1%          5
 Death Channel            Necr           54%        N/A       1%          6
 Eringya's Noxious Bog    Tmut/Pois      61%        N/A       1%          6
 Dragon Form              Tmut           61%        N/A       3%          7
 Summon Forest            Summ/Tloc      31%        N/A       6%          5
 Dispersal                Tloc           31%        N/A       32%         6
 Summon Hydra             Summ           31%        N/A       86%         7


Dungeon Overview and Level Annotations

Branches:
Dungeon (15/15) Zot: 25586  Temple (0/1) D:4            Lair (5/5) D:11 Zot: 21714
  Swamp (0/4) Lair:2        Snake (4/4) Lair:3 Zot: 18979   Slime (0/5) Lair:4
    Orc (2/2) D:12 Zot: 9187     Elf (0/3) Orc:2        Vaults (0/5) D:13
 Depths (0/4) D:15        Ossuary (visited)          Bailey (visited)

Altars:
Elyvilon
Gozag
Okawaru
Qazlal
Trog
Uskayaw
Vehumet
Yredelemnul
Zin
The Shining One
Jiyva

Shops:
D:6 :   D:10 :   Orc:1 *   Orc:2 ***[[[!(?==   Lair:1 ==   Snake:2 *
Snake:4 *

Portals:
Trove: D:12 (give 8 potions of haste)

Annotations:
D:3 3 runed translucent doors, Psyclone's ghost, amateur OpVM


Innate Abilities, Weirdness & Mutations

You cannot wear most types of armour.
You are amphibious.
You can wear up to eight rings at the same time.
Your skin changes colour to match your surroundings (Stealth+).
Your rubbery body absorbs attacks. (AC +1, EV +1)
((You are camouflaged when in or above water. (Stealth+)))
You have tentacles for arms and can constrict up to eight enemies at once.


Message History

A naga sharpshooter comes into view. It is wielding a +0 halberd.
You take 2 damage, and have 147/149 hp.
The naga sharpshooter shouts!
You hit the naga warrior but do no damage.
The naga warrior is severely wounded.
You revert to your normal fleshy form.
You feel sick. The naga warrior spits poison at you.
The splash of poison hits you.
You are more poisoned.
You resist. The naga warrior constricts you.
The naga sharpshooter unwields a +0 halberd.
The naga sharpshooter wields a +0 shortbow.
The naga sharpshooter casts a spell.
The naga sharpshooter magically shoots an arrow.
You block the arrow.
The naga warrior hits you with a +0 hand axe!!
The naga warrior constricts you.
You now have 85/115 hp.
You hit the naga warrior but do no damage.
You squeeze the naga warrior.
The naga warrior is severely wounded.
You feel sick.
The naga warrior hits you with a +0 hand axe.
The naga warrior constricts you.
The naga sharpshooter gestures wildly while chanting.
The naga sharpshooter magically shoots an arrow.
The arrow hits you!!
You take 30 damage, and have 55/115 hp.
MASSIVE DAMAGE!!
You barely miss the naga warrior. Your squeeze misses the naga warrior.
The naga warrior is severely wounded.
You feel sick. The naga warrior closely misses you.
The naga warrior constricts you.
The naga sharpshooter shoots an arrow.
The arrow hits you!!
* * * LOW HITPOINT WARNING * * *
The naga warrior hits you with a +0 hand axe!!
* * * LOW HITPOINT WARNING * * *
The naga warrior constricts you.
You die...
Your body crumbles into a pile of gold.

#..##'##''''#####..# *,,,,,**,,
#).#.........## #..# *,,,,**,,,
#..#..........###..# **,,,,*,,*
##..#...........##..## *,,,,*,,,
....#............'..^# ***,,*,,,
....'............'...# ****,,,
....')...........'...#### ******
....'............'......# *,,,,,
##..#..........N@#..##..####..,,*
#..#............#.....$$.....,,*
#..##...........#..###$$..$..,,*
#..###..........#..# *.####..,,*
##..# #'''###'''##..# *.# *,.,,*
##..###...###...##..# *.# *,,,,*
.#..................###.##**,,,,*
.#.............N..........,,,,,,*
.#...####.###...#.........,,,,,..


You could see a naga warrior (catching breath) and a naga sharpshooter.

Vanquished Creatures
  Rupert (Snake:1)
  2 nagarajas (Snake:3)
  Kirke (Lair:4)
  Roxanne (Snake:1)
  An ironbound preserver (D:13)
  An orc warlord (Bailey)
  A stone giant (D:15)
  Azrael (Snake:3)
  Josephine (D:15)
  3 salamander tyrants
  8 hydras
  Erolcha (D:11)
  9 centaur warriors
  A ghost crab (Lair:2)
  An ogre mage (Orc:1)
  8 anacondas
  4 two-headed ogres
  6 catoblepae
  4 naga warriors
  5 boulder beetles
  A death knight (D:15)
  9 death yaks (Lair:5)
  2 tengu warriors (D:15)
  11 shock serpents
  5 naga sharpshooters
  Urug (D:13)
  A skyshark (Lair:5)
  A spectral anaconda (Snake:4)
  3 salamander mystics
  Lodul (D:11)
  5 naga ritualists
  2 orc knights
  A lindwurm (Lair:5)
  3 deep elf pyromancers
  3 cyclopes
  An oklob plant (Lair:5)
  A wizard (D:15)
  7 mana vipers
  12 salamanders
  13 ugly things
  5 manticores
  5 elephants (Lair:4)
  3 guardian serpents
  Maurice (D:11)
  23 black mambas
  8 naga magi
  3 torpor snails
  2 gargoyles (D:10)
  2 spectral sea snakes (Snake:4)
  11 cane toads
  A rime drake (Lair:2)
  An unseen horror (shapeshifter) (D:14)
  An efreet (D:15)
  An unseen horror (D:13)
  8 komodo dragons
  4 spectral nagas (Snake:4)
  2 tengu conjurers (D:15)
  3 trolls
  An anaconda simulacrum (Snake:4)
  A tyrant leech (Lair:4)
  2 polar bears (Lair:5)
  3 hornets (Orc:1)
  A spectral guardian serpent (Snake:4)
  8 blink frogs
  9 dream sheep (Lair:5)
  4 shadows
  3 guardian serpent skeletons (Snake:4)
  2 vampires
  18 slime creatures
  11 wraiths
  74 yaks
  8 spriggans (D:10)
  3 fire elementals (Snake:3)
  6 wyverns
  6 basilisks
  6 hogs (Lair:4)
  3 humans
  A sea snake simulacrum (Snake:4)
  12 vampire mosquitoes
  An acid dragon (shapeshifter) (D:15)
  2 wargs
  24 nagas
  2 acid dragons (D:10)
  6 swamp worms (Lair:4)
  13 water moccasins
  A floating eye (Orc:1)
  3 guardian serpent simulacra (Snake:4)
  A hell hound (Snake:3)
  54 orc warriors
  A sky beast (shapeshifter) (D:14)
  3 black bears
  A spectral yak (Lair:2)
  2 ice beasts
  A sky beast (D:6)
  2 hornet zombies (Ossuary)
  2 swamp drakes (Lair:4)
  13 ogres
  A spectral rime drake (Lair:2)
  9 wolves (Lair:1)
  20 centaurs
  A spectral basilisk (Lair:2)
  2 kobold brigands
  15 bullfrogs
  A gnoll sergeant (D:7)
  6 scorpions
  2 spectral water moccasins (Lair:2)
  2 wyvern zombies (Ossuary)
  2 water moccasin zombies (Ossuary)
  7 wights
  12 killer bees
  A howler monkey (D:6)
  8 electric eels
  3 bullfrog zombies (Ossuary)
  2 centaur zombies (Ossuary)
  A gnoll bouda (D:6)
  2 jellies
  18 orc priests
  3 hounds
  An iguana (D:6)
  2 sleepcaps
  4 hell rats (Lair:5)
  17 orc wizards
  3 killer bee zombies (Ossuary)
  2 naga skeletons (Snake:4)
  16 mummies
  2 howler monkey zombies (Ossuary)
  14 gnolls
  3 naga simulacra (Snake:4)
  9 adders
  2 shadow imps
  2 white imps (D:8)
  2 ufetubi
  3 worms
  87 orcs
  4 endoplasms
  6 giant cockroaches
  18 goblins
  15 hobgoblins
  20 jackals
  10 kobolds
  4 quokkas
  6 ball pythons
  5 bats
  A frilled lizard (D:1)
  A goblin zombie (D:4)
  An orc zombie (D:4)
  4 rats
923 creatures vanquished.

Vanquished Creatures (others)
  A spectral anaconda (Snake:4)
1 creature vanquished.

Grand Total: 924 creatures vanquished

Notes
Turn   | Place    | Note
-------+----------+-------------------------------------------
     0 | D:1      | Psyclone the Octopode Venom Mage began the quest for the
                  | Orb.
     0 | D:1      | Reached XP level 1. HP: 11/11 MP: 3/3
    80 | D:1      | Identified 3 scrolls of acquirement
    80 | D:1      | Acquired the ring of the Mage {Wiz Archmagi}
    80 | D:1      | Found the ring of the Mage {Wiz Archmagi}
    86 | D:1      | Acquired the ring "Yjoxom" {Contam rPois rC++ MP+9 Int+8
                  | Dex-4}
   207 | D:1      | Acquired the +3 Elemental Staff {rElec rF+ rC+ AC+3}
   207 | D:1      | Found the +3 Elemental Staff {rElec rF+ rC+ AC+3}
   435 | D:1      | Reached XP level 2. HP: 17/17 MP: 5/5
   572 | D:1      | Learned a level 2 spell: Poisonous Vapours
   869 | D:1      | Reached XP level 3. HP: 21/21 MP: 6/6
   929 | D:1      | Reached skill level 5 in Poison Magic
  1401 | D:2      | Reached XP level 4. HP: 25/27 MP: 7/7
  1952 | D:2      | Reached skill level 3 in Spellcasting
  1952 | D:2      | Reached XP level 5. HP: 31/31 MP: 9/9
  2172 | D:3      | Learned a level 4 spell: Olgreb's Toxic Radiance
  2338 | D:3      | Found a runed translucent gate.
  2338 | D:3      | Found a runed translucent gate.
  2338 | D:3      | Found a runed translucent gate.
  2492 | D:3      | Found a glowing silver altar of Zin.
  2547 | D:3      | Reached skill level 1 in Necromancy
  2683 | D:3      | Noticed Psyclone's ghost (amateur OpVM)
  2729 | D:4      | Found a white marble altar of Elyvilon.
  2791 | D:4      | Found a glowing golden altar of the Shining One.
  2897 | D:4      | Reached XP level 6. HP: 36/36 MP: 10/10
  2911 | D:4      | Learned a level 4 spell: Dispel Undead
  2996 | D:4      | Found a staircase to the Ecumenical Temple.
  3006 | D:4      | Found a stormy altar of Qazlal.
  3123 | D:4      | Found a sand-covered staircase.
  3183 | Ossuary  | Entered an ossuary
  3461 | Ossuary  | Reached XP level 7. HP: 41/41 MP: 4/11
  3478 | Ossuary  | Reached skill level 5 in Necromancy
  3841 | Ossuary  | Reached XP level 8. HP: 46/46 MP: 2/13
  4009 | Ossuary  | Reached skill level 4 in Spellcasting
  4141 | Ossuary  | Reached skill level 5 in Spellcasting
  4675 | D:5      | Entered Level 5 of the Dungeon
  5131 | D:6      | Reached skill level 6 in Spellcasting
  5136 | D:6      | Reached skill level 1 in Fighting
  5244 | D:6      | Reached XP level 9. HP: 55/55 MP: 12/18
  5371 | D:6      | Found Xixtot's Book Boutique.
  5819 | D:6      | Reached skill level 5 in Dodging
  5977 | D:6      | Reached skill level 5 in Fighting
  6585 | D:6      | Bought a book of Spatial Translocations for 252 gold pieces
  6588 | D:6      | Learned a level 2 spell: Blink
  6591 | D:6      | Learned a level 2 spell: Cigotuvi's Dreadful Rot
  6705 | D:7      | Found a flagged portal.
  6718 | Bailey   | Entered a bailey
  7039 | Bailey   | Reached XP level 10. HP: 68/68 MP: 19/19
  7301 | Bailey   | Identified the +0 chain mail of Saogadd {rC+ rN+++ Str+2
                  | Int-2}
  7386 | Bailey   | Noticed an orc warlord
  7428 | Bailey   | Killed an orc warlord
  7440 | Bailey   | Noticed an orc knight
  7479 | Bailey   | Killed an orc knight
  8092 | D:7      | Identified the +8 trident "Idaugra" {freeze, Stlth+}
  8996 | D:9      | Reached skill level 7 in Spellcasting
  9063 | D:10     | Entered Level 10 of the Dungeon
  9064 | D:10     | Found Ycypaut's Book Shoppe.
  9068 | D:10     | Noticed a gargoyle
  9212 | D:8      | Reached XP level 11. HP: 70/77 MP: 22/22
  9503 | D:8      | Reached skill level 8 in Spellcasting
 10722 | D:9      | Noticed a two-headed ogre
 10747 | D:9      | Killed a two-headed ogre
 10748 | D:9      | Reached skill level 9 in Spellcasting
 10969 | D:9      | Found a bloodstained altar of Trog.
 11155 | D:9      | Identified the +7 battleaxe of Sustre {heavy, Str+5}
 11474 | D:10     | Reached skill level 10 in Spellcasting
 11813 | D:10     | Noticed a two-headed ogre
 11832 | D:10     | Killed a two-headed ogre
 11884 | D:10     | Found an opulent altar of Gozag.
 11892 | D:10     | Became a worshipper of Gozag Ym Sagoz the Greedy
 12685 | D:10     | Reached skill level 10 in Fighting
 12812 | D:10     | Reached XP level 12. HP: 81/83 MP: 26/26
 13204 | D:10     | Bought a Trismegistus Codex for 338 gold pieces
 13209 | D:10     | Learned a level 3 spell: Ignite Poison
 13213 | D:10     | Learned a level 3 spell: Mephitic Cloud
 13405 | D:10     | Reached skill level 1 in Shields
 13405 | D:10     | Reached skill level 10 in Poison Magic
 13933 | D:11     | You fall into a shaft and drop 2 floors!
 13962 | D:13     | Noticed a centaur warrior
 13965 | D:13     | Killed a centaur warrior
 14422 | D:13     | Reached skill level 12 in Spellcasting
 14422 | D:13     | Reached XP level 13. HP: 92/92 MP: 29/29
 14790 | D:13     | Noticed Urug
 14795 | D:13     | Killed Urug
 14796 | D:13     | Reached skill level 5 in Transmutations
 14951 | D:13     | Found a gate to the Vaults.
 14951 | D:13     | Noticed an ironbound preserver
 14957 | D:13     | Killed an ironbound preserver
 15184 | D:13     | Reached skill level 13 in Spellcasting
 15442 | D:11     | Noticed Lodul
 15445 | D:11     | Killed Lodul
 15455 | D:11     | Reached XP level 14. HP: 99/99 MP: 13/31
 15713 | D:10     | Bought a book of Transfigurations for 520 gold pieces
 15719 | D:10     | Learned a level 5 spell: Irradiate
 15792 | D:11     | Noticed Maurice
 15801 | D:11     | Killed Maurice
 15910 | D:11     | Found a staircase to the Lair.
 15971 | D:11     | Reached skill level 14 in Spellcasting
 16167 | D:11     | Noticed Erolcha
 16169 | D:11     | Killed Erolcha
 16657 | D:12     | Found a portal to a secret trove of treasure.
 16930 | D:12     | Found a staircase to the Orcish Mines.
 17305 | D:12     | Found an iron altar of Okawaru.
 17675 | D:13     | Learned a level 3 spell: Swiftness
 17687 | D:13     | Identified the +0 robe of the King of the Hill {rC+ Int+3
                  | SInv}
 18180 | Orc:1    | Entered Level 1 of the Orcish Mines
 18446 | Orc:1    | Reached skill level 10 in Transmutations
 18915 | Orc:1    | Found Yfont's Overcharged Wands.
 19139 | Orc:1    | You fall into a shaft and drop 1 floor!
 19139 | Orc:2    | Entered Level 2 of the Orcish Mines
 19139 | Orc:2    | Found Benloydgh's Jewellery Boutique.
 19149 | Orc:2    | Bought a +6 ring of intelligence for 468 gold pieces
 19214 | Orc:2    | Found Cuownes's Magic Scroll Shoppe.
 19224 | Orc:2    | Found Voallin's Antique Weapon Boutique.
 19305 | Orc:2    | Found a staircase to the Elven Halls.
 19936 | Orc:2    | Found Eshryuthy's General Store.
 19948 | Orc:2    | Found Cefigh's Specific Store.
 19948 | Orc:2    | Found Tygilis's General Store.
 20074 | Orc:2    | Found Ulefeotz's Distillery.
 20075 | Orc:2    | Found Qacsuasuka's Antique Armour Shop.
 20075 | Orc:2    | Found Toije's Antique Armour Shoppe.
 20077 | Orc:2    | Found Salolel's Antique Armour Boutique.
 20090 | Orc:2    | Bought the +3 crown of Dyrovepreva {rElec Int+2 SInv} for
                  | 910 gold pieces
 20090 | Orc:2    | Found the +3 crown of Dyrovepreva {rElec Int+2 SInv}
 20494 | Orc:2    | Found Ozaus's Jewellery Shoppe.
 20498 | Orc:2    | Bought a +6 ring of intelligence for 648 gold pieces
 20733 | Orc:2    | Bought a potion of haste for 130 gold pieces
 21109 | Lair:1   | Entered Level 1 of the Lair of Beasts
 21273 | Lair:1   | Reached skill level 15 in Spellcasting
 21463 | Lair:1   | Reached skill level 1 in Air Magic
 21463 | Lair:1   | Reached skill level 1 in Earth Magic
 22372 | Lair:2   | Reached XP level 15. HP: 103/103 MP: 25/34
 22620 | Lair:2   | Learned a level 6 spell: Statue Form
 22626 | Lair:2   | Learned a level 5 spell: Freezing Cloud
 22950 | Lair:2   | Reached skill level 1 in Ice Magic
 23036 | Lair:2   | Found a staircase to the Swamp.
 24202 | Lair:3   | You fall into a shaft and drop 2 floors!
 24202 | Lair:5   | Entered Level 5 of the Lair of Beasts
 25221 | Lair:4   | Reached skill level 5 in Ice Magic
 25381 | Lair:4   | Noticed Kirke
 25391 | Lair:4   | Killed Kirke
 25540 | Lair:4   | Reached skill level 5 in Earth Magic
 25743 | Lair:4   | Found a viscous altar of Jiyva.
 25743 | Lair:4   | Found a staircase to the Slime Pits.
 25763 | Lair:4   | Reached skill level 5 in Air Magic
 26488 | Lair:3   | Found a staircase to the Snake Pit.
 27638 | Lair:5   | Reached skill level 10 in Dodging
 28033 | Lair:5   | Reached XP level 16. HP: 109/109 MP: 22/35
 28348 | Lair:5   | Got the Compilation of Entrancing Wounds
 28355 | Lair:5   | Learned a level 5 spell: Arcjolt
 28508 | Lair:1   | Bought the amulet "Ivvaetri" {RegenMP rCorr} for 681 gold
                  | pieces
 28740 | Lair:1   | Bought the ring "Muinasch" {rF+ rN+ Str-2 Int+6 Dex+2 SInv}
                  | for 876 gold pieces
 29138 | D:14     | Acquired Great Wizards, Vol. II
 29174 | D:14     | Found a hide-covered altar of Uskayaw.
 29237 | D:14     | Found a basalt altar of Yredelemnul.
 29615 | D:15     | Entered Level 15 of the Dungeon
 29628 | D:15     | Identified the +4 rapier of the Bouncing Spines {flame,
                  | Will+ Int+4}
 29883 | D:15     | Reached skill level 16 in Spellcasting
 30208 | D:15     | Found a staircase to the Depths.
 30416 | D:15     | Noticed Josephine
 30418 | D:15     | Killed Josephine
 30811 | Snake:1  | Entered Level 1 of the Snake Pit
 30811 | Snake:1  | Identified Roxanne's Tractate on Evolution
 30811 | Snake:1  | Noticed Roxanne
 31116 | Snake:1  | Killed Roxanne
 31275 | Snake:1  | Noticed Rupert
 31278 | Snake:1  | Paralysed by Rupert for 5 turns
 31283 | Snake:1  | Killed Rupert
 32216 | Snake:2  | Reached skill level 17 in Spellcasting
 32216 | Snake:2  | Reached XP level 17. HP: 101/115 MP: 38/38
 32224 | Snake:2  | Reached skill level 10 in Air Magic
 32339 | Snake:2  | Found Xede Kudie's General Store.
 32340 | Snake:2  | Found a radiant altar of Vehumet.
 32436 | Snake:2  | Reached skill level 1 in Conjurations
 33464 | Snake:3  | Noticed Azrael
 33501 | Snake:3  | Reached skill level 5 in Conjurations
 33661 | Snake:3  | Killed Azrael
 34569 | Snake:4  | Entered Level 4 of the Snake Pit
 34589 | Snake:4  | Reached skill level 18 in Spellcasting
 34736 | Snake:4  | Found Ykinesor's General Store.
 34758 | Snake:4  | Bought a potion of heal wounds for 70 gold pieces
 34758 | Snake:4  | Bought a scroll of teleportation for 42 gold pieces
 35523 | Snake:4  | HP: 1/115 [naga warrior/+0 hand axe (23)]
 35523 | Snake:4  | Constricted to death by a naga warrior

Illustrated notes

Levels and vault maps discovered:
D:1:      spicycebolla_arrival_ecumenical, layout_loops_ring
D:2:      layout_basic
D:3:      layout_rooms, mainiacjoe_overflow_paths, gammafunk_ghost_necromancy
D:4:      layout_rooms, tso_metal_star, mainiacjoe_overflow_catwalk,
          elyvilon_altar_5, minmay_temple_entry_stoned_glass,
          nicolae_ossuary_entry_giza, minmay_misc_feat_square, minivault_4
D:5:      layout_basic
D:6:      kennysheep_six_static_rooms, layout_basic, serial_shops,
          nicolae_shop_stone, serial_bayou_lagoon_b
D:7:      layout_basic, enter_bailey_2
D:8:      minmay_recursive_quarters, layout_layer_cave
D:9:      layout_gridville, trog_book
D:10:     kb_forest_paths, layout_basic,
          nicolae_gozag_cash_rules_everything_around_me, serial_shops, shop,
          minmay_tree_intersection, kennysheep_path_1
D:11:     layout_loops_ring, grunt_lair_entry_orc_guard_hut, uniq_lodul,
          uniq_erolcha, uniq_maurice
D:12:     layout_roguey, erik_orc_3, nicolae_trove_entry_diagonal,
          okawaru_humans
D:13:     layout_roguey, skrybe_vaults_entry_preservation, uniq_urug
D:14:     layout_basic, yredelemnul_altar_generic,
          nicolae_uskayaw_murder_on_the_dancefloor
D:15:     grunt_enter_depths_snipers, layout_irregular_city, uniq_josephine
Lair:1:   layout_regular_city, grunt_megastairs_4
Lair:2:   layout_hall_layers, nicolae_swamp_entry_spooky,
          chequers_serial_rivers_large_a, disabler_island
Lair:3:   layout_roguey, minmay_snake_entry_guardpost_small, beast_lair_carwin_8
Lair:4:   onia_ninara_swampy_vault, layout_loops_ring, slime_entry_1,
          st_stairs_8, uniq_kirke
Lair:5:   evilmike_catoblepas_cave, layout_regular_city, lemuel_fruit_tree,
          grunt_megastairs_3
Snake:1:  layout_rooms, nicolae_triple_integral, uniq_rupert, uniq_roxanne
Snake:2:  layout_grid_shapes, serial_shops, shop, basic_altar
Snake:3:  layout_grid_shapes, uniq_azrael
Snake:4:  snake_pit, layout_gridlike, serial_shops, shop,
          nicolae_snake_the_dead_are_slithering
Orc:1:    hellmonk_paralyzer, layout_caves, nicolae_shop_overcharged_wands
Orc:2:    st_orc_rangers, layout_caves, serial_shops, shop, shop,
          nicolae_shop_behind_doors, nicolae_shop_pleasant_corner_grove,
          nicolae_shop_tiny_waterfront, nicolae_specific_store

Skill      XL: |  1  2  3  4  5  6  7  8  9 10 11 12 13 14 15 16 17 |
---------------+----------------------------------------------------+-----
Poison Magic   | 4 5 6 7 8 10 | 10.0
Spellcasting   | 3 6 7 10 12 13 15 17 18 | 18.0
Necromancy     | 2 4 7 |  7.0
Fighting       | 2 6 8 10 | 10.0
Dodging        | 3 6 8 10 | 10.0
Shields        | 4 |  4.8
Transmutations | 3 6 10 | 10.0
Air Magic      | 2 6 9 10 | 10.0
Earth Magic    | 2 6 |  6.0
Ice Magic      | 6 |  6.0
Conjurations   | 7 |  7.5
Stealth        | |  2.6

Action                     |  1- 3 |  4- 6 |  7- 9 | 10-12 | 13-15 | 16-18 || total
---------------------------+-------+-------+-------+-------+-------+-------++-------
  Melee: Staff             |    19 |    23 |    62 |    86 |    87 |    91 ||   368
         Tentacles         |     7 |     5 |    20 |    19 |    25 |    36 ||   112
         Constrict         |     4 |     4 |    10 |    14 |    18 |     8 ||    58
         Punch             |     1 |       |     2 |     1 |     3 |     7 ||    14
   Cast: Sting             |    24 |    13 |    12 |    38 |    12 |       ||    99
         Poisonous Vapours |    19 |    26 |    35 |    74 |   119 |    53 ||   326
         Olgreb's Toxic Ra |       |     7 |    24 |    47 |    82 |    30 ||   190
         Dispel Undead     |       |    15 |    33 |    14 |    12 |     3 ||    77
         Cigotuvi's Dreadf |       |       |     1 |     9 |     1 |       ||    11
         Ignite Poison     |       |       |       |    12 |   165 |    52 ||   229
         Mephitic Cloud    |       |       |       |     8 |    21 |     2 ||    31
         Irradiate         |       |       |       |       |    20 |    36 ||    56
         Swiftness         |       |       |       |       |     2 |       ||     2
         Freezing Cloud    |       |       |       |       |    29 |    68 ||    97
         Statue Form       |       |       |       |       |     7 |    37 ||    44
         Blink             |       |       |       |       |     1 |       ||     1
         Arcjolt           |       |       |       |       |       |    25 ||    25
 Invoke: Call Merchant     |       |       |       |       |       |     2 ||     2
  Evoke: Wand              |       |       |       |       |     1 |       ||     1
    Use: Scroll            |     3 |       |       |     2 |    22 |     8 ||    35
         Potion            |       |       |     1 |     2 |       |       ||     3
   Stab: Sleeping          |       |     2 |     1 |       |     1 |     1 ||     5
 Armour: Skin              |     8 |    11 |    23 |    32 |   114 |   140 ||   328
  Dodge: Dodged            |    24 |    55 |    71 |   150 |   203 |   235 ||   738
  Block: Buckler           |       |       |       |     3 |    62 |   109 ||   174
